Map: Efflorescence LE

Players

Arthas

  • Race: Zerg Zerg
  • Spawn Location: 9:00

Ivadios

  • Race: Terran Terran
  • Spawn Location: 6:00

badboy - Winner!

  • Race: Zerg Zerg
  • Spawn Location: 3:00

Parmenion - Winner!

  • Race: Zerg Zerg
  • League: Platinum
  • Spawn Location: 12:00

VOD

Have the link to the VOD?

Description

Time

  • Played on: June 12, 2020, 3:01 p.m.
  • Length: 9:01
Show
View Real Time Build Order
Export as new Build Order

Arthas Zerg 

Build Orders: Pool First 

Get SALT Encoding   

  12  0:01  Drone  
  13  0:12  Overlord  
  13  0:20  Drone  
  14  0:35  Drone x2  
  16  0:38  Drone  
  17  0:47  Spawning Pool  
  16  0:51  Drone  
  16  0:54  Extractor  
  16  0:59  Drone  
  17  1:09  Drone  
  18  1:20  Drone  
  19  1:30  Overlord  
  19  1:34  Queen  
  19  1:36  Spine Crawler  
  20  1:42  Zergling x2  
  21  1:57  Zergling x2  
  21  1:58  Metabolic Boost  
  22  2:06  Zergling x2  
  23  2:13  Queen  
  25  2:43  Hatchery  
  24  2:47  Drone x2  
  24  2:48  Drone  
  24  2:49  Extractor  
  26  2:52  Roach Warren  
  24  3:07  Lair  
  25  3:13  Drone x3  
  28  3:41  Drone x2  
  30  3:42  Overlord  
  30  3:58  Drone  
  30  4:00  Spine Crawler  
  30  4:03  Queen  
  30  4:06  Spine Crawler  
  30  4:07  Drone x3  
  33  4:32  Drone x3  
  36  4:39  Spine Crawler  
  36  4:40  Drone x3  
  36  4:43  Extractor  
  36  4:45  Extractor  
  36  4:48  Spine Crawler  
  35  4:59  Drone  
  36  5:05  Spire  
  35  5:07  Spore Crawler  
  34  5:19  Drone x2  
  36  5:22  Drone x4  
  40  5:38  Overlord x2  
  40  5:39  Overlord  
  40  5:49  Drone x3  
  43  5:54  Spine Crawler  
  41  6:20  Hatchery  
  40  6:31  Mutalisk x6  
  40  6:32  Mutalisk  
  39  7:50  Mutalisk  
  27  8:04  Mutalisk x2  
  27  8:05  Mutalisk x4  
  37  8:06  Zergling x2  
  37  8:07  Zergling x16  
  34  8:42  Zergling x2  
  34  8:43  Zergling x6  
Show
View Real Time Build Order
Export as new Build Order

Ivadios Terran 

Build Orders:  

Get SALT Encoding   

  12  0:16  Supply Depot  
  12  0:17  SCV  
  13  0:29  SCV  
  14  0:41  Barracks  
  14  0:44  SCV  
  15  0:56  SCV  
  16  1:28  Orbital Command  
  16  1:31  Supply Depot  
  16  1:38  Marine  
  17  1:56  Marine  
  18  2:10  Barracks  
  18  2:13  Barracks  
  18  2:14  Marine  
  19  2:32  Marine  
  20  2:41  SCV  
  21  2:49  Marine  
  22  2:53  SCV  
  23  3:02  Supply Depot  
  23  3:05  SCV  
  24  3:17  SCV  
  25  3:25  Supply Depot  
  25  3:28  Bunker  
  25  3:29  SCV  
  25  3:32  Refinery  
  26  3:34  Refinery  
  26  3:41  SCV  
  27  3:49  Supply Depot  
  27  3:51  Marine x3  
  30  4:04  SCV  
  30  4:09  Marine x3  
  34  4:11  Supply Depot  
  34  4:16  SCV  
  35  4:27  Marine x3  
  38  4:34  Supply Depot  
  38  4:44  Marine  
  38  4:45  Marine x2, Command Center  
  41  4:57  Supply Depot  
  41  5:02  Marine x2  
  41  5:03  Marine  
  44  5:20  Supply Depot  
  44  5:23  Barracks Reactor x3  
  44  5:40  Engineering Bay  
  44  5:42  Supply Depot  
  44  6:04  Supply Depot  
  44  6:06  Engineering Bay  
  44  6:27  Supply Depot  
  40  6:51  Supply Depot  
  28  7:11  Planetary Fortress  
  28  7:13  Supply Depot  
  28  7:19  Marine x5  
  28  7:20  Marine  
  34  7:37  Marine x6  
  34  7:38  Factory  
  37  7:54  Marine  
  37  7:55  Marine x5  
  42  8:12  Marine x2  
  41  8:13  Marine x4  
  36  8:21  SCV  
  37  8:30  Factory Tech Lab  
  37  8:33  SCV  
  38  8:46  SCV  
  39  8:53  Starport  
Show
View Real Time Build Order
Export as new Build Order

badboy Zerg - Winner!

Build Orders: Hatch First 

Get SALT Encoding   

  12  0:01  Drone  
  13  0:13  Overlord  
  13  0:18  Drone  
  14  0:31  Drone x2  
  16  0:51  Hatchery  
  16  0:54  Drone  
  16  1:03  Drone  
  17  1:14  Spawning Pool  
  17  1:15  Drone  
  17  1:20  Drone  
  18  1:25  Drone  
  18  1:29  Drone  
  18  1:31  Extractor  
  19  1:40  Drone  
  20  1:50  Overlord  
  20  2:06  Queen x2  
  24  2:10  Drone x2  
  26  2:23  Drone x3  
  29  2:35  Drone x2, Roach Warren  
  31  2:37  Drone  
  31  2:42  Queen  
  33  2:50  Lair  
  33  3:02  Drone x3  
  33  3:04  Overlord  
  36  3:22  Overlord x2  
  36  3:23  Overlord  
  36  3:40  Roach  
  36  3:41  Roach x2  
  40  3:42  Roach  
  40  3:48  Extractor x2  
  42  3:51  Drone  
  42  3:52  Drone x3  
  42  3:53  Spine Crawler  
  45  4:17  Drone x2  
  45  4:18  Drone x2  
  45  4:19  Drone  
  45  4:22  Roach x4  
  58  4:35  Drone x3  
  61  4:50  Drone x3  
  61  4:51  Drone  
  65  5:01  Roach  
  65  5:04  Evolution Chamber  
  66  5:07  Evolution Chamber  
  66  5:09  Hatchery  
  64  5:15  Glial Reconstitution  
  64  5:18  Drone  
  64  5:19  Drone x3  
  68  5:35  Overlord  
  68  5:42  Overlord  
  68  5:46  Overlord  
  70  5:57  Roach x4  
  70  6:00  Zerg Missile Weapons Level 1, Zerg Ground Armor Level 1  
  76  6:11  Hydralisk Den  
  75  6:25  Roach x4  
  83  6:26  Roach x3  
  89  6:41  Drone  
  89  6:43  Overlord x6  
  90  7:04  Queen  
  90  7:06  Drone x6  
  96  7:12  Hydralisk x2  
  100  7:25  Hydralisk  
  100  7:26  Hydralisk x3  
  108  7:30  Hydralisk x4  
  116  7:38  Extractor  
  116  7:40  Spore Crawler  
  114  7:45  Grooved Spines  
  114  7:49  Drone x2  
  114  7:50  Drone x5  
  121  7:53  Extractor  
  121  7:55  Extractor  
  119  7:59  Hydralisk x2  
  119  8:00  Roach x2  
  127  8:25  Hydralisk x3  
  127  8:26  Hydralisk  
  135  8:36  Drone x2  
  135  8:37  Drone  
  136  8:51  Ravager x2  
Show
View Real Time Build Order
Export as new Build Order

Parmenion Zerg - Winner!

Build Orders: Hatch First 

Get SALT Encoding   

  12  0:01  Drone  
  13  0:13  Overlord  
  13  0:19  Drone  
  14  0:31  Drone x2  
  16  0:36  Drone  
  17  0:55  Hatchery  
  16  0:58  Drone  
  16  1:04  Drone  
  18  1:07  Drone  
  19  1:20  Spawning Pool  
  19  1:25  Drone  
  19  1:29  Drone  
  20  1:39  Overlord  
  20  1:40  Extractor  
  19  1:51  Drone  
  20  2:01  Drone  
  21  2:07  Drone  
  22  2:13  Drone  
  22  2:14  Queen  
  25  2:17  Queen  
  25  2:18  Drone  
  25  2:22  Drone  
  29  2:29  Drone  
  30  2:33  Drone  
  31  2:47  Drone  
  31  2:48  Drone  
  33  2:52  Spine Crawler  
  33  2:53  Drone  
  33  2:56  Queen  
  35  3:02  Drone, Roach Warren  
  35  3:03  Drone  
  36  3:12  Overlord  
  36  3:13  Spine Crawler  
  36  3:14  Overlord  
  35  3:28  Extractor, Drone  
  35  3:29  Drone, Overlord  
  35  3:30  Extractor  
  35  3:31  Overlord  
  35  3:32  Overlord  
  35  3:33  Drone  
  36  3:42  Drone  
  36  3:45  Roach x3  
  43  3:54  Drone x2  
  45  4:00  Overlord  
  45  4:06  Roach x4  
  53  4:13  Lair  
  53  4:17  Roach  
  55  4:29  Drone x5  
  60  4:40  Queen  
  60  4:42  Roach x2, Overlord  
  66  4:47  Overlord  
  66  4:56  Drone  
  67  5:07  Overlord  
  67  5:10  Overlord  
  67  5:19  Drone, Hatchery, Glial Reconstitution  
  67  5:20  Spore Crawler  
  66  5:26  Drone x3  
  66  5:27  Drone x3  
  66  5:28  Roach  
  74  5:31  Drone  
  74  5:32  Drone  
  76  5:41  Overlord  
  76  5:43  Drone x2  
  78  5:57  Roach, Drone  
  78  5:58  Roach x2  
  85  6:05  Drone x2  
  87  6:19  Overlord  
  87  6:22  Roach  
  85  6:32  Roach x9  
  95  6:40  Roach  
  97  6:49  Roach x3  
  97  6:50  Overlord  
  103  6:54  Drone  
  103  6:58  Spine Crawler  
  105  7:01  Roach x3  
  105  7:02  Roach x4  
  117  7:13  Hydralisk Den  
  117  7:15  Spore Crawler x2  
  112  7:19  Drone x5, Spore Crawler  
  112  7:20  Spore Crawler  
  112  7:22  Spore Crawler  
  113  7:28  Spore Crawler  
  106  7:32  Spore Crawler  
  106  7:33  Spore Crawler  
  106  7:36  Drone  
  104  7:37  Drone x8  
  104  7:41  Hydralisk  
  98  7:54  Drone x3  
  96  8:04  Drone x4  
  96  8:43  Extractor  
Tags
 
Add a new tag
Caveats
  • Supply blocks, unpowered buildings, or Contaminate may cause inaccurate times.
  • Supply counts are checked every 10 seconds.